 Dungeon Crawl Stone Soup version 0.31-a0-618-g7ca08c1ff9 (webtiles) character file.

Game seed: 5469374624504804958

5074 Rohain the Magician (level 10, -15/79 HPs)
             Began as a Gnoll Warper on Aug 22, 2023.
             Was a Believer of Okawaru.
             Demolished by a two-headed ogre
             ... wielding a +0 dire flail
              (28 damage)
             ... on level 9 of the Dungeon.
             The game lasted 00:15:12 (7420 turns).

Rohain the Magician (Gnoll Warper)                  Turns: 7420, Time: 00:15:14

Health: -15/79     AC:  8    Str: 11    XL:     10   Next: 56%
Magic:  8/21       EV: 20    Int: 12    God:    Okawaru [**....]
Gold:   550        SH:  0    Dex: 16    Spells: 14/24 levels left

rFire   . . .        B - +4 scimitar (freeze)
rCold   . . .        (no shield)
rNeg    + + .        v - +0 leather armour of the Big Bang {Harm Drain rN++ Slay+2}
rPois   .            z - +0 helmet
rElec   .            g - +1 cloak
rCorr   .            n - +0 pair of gloves
SInv    .            (no boots)
Will    .....        u - amulet of regeneration
Stlth   +++          r - +5 ring of evasion
HPRegen 1.13/turn    s - ring of flight
MPRegen 0.17/turn

%: harm (+30% outgoing, +20% incoming)
@: on blink cooldown, flying
A: fangs 1, strong nose, distributed training
a: Renounce Religion, Heroism


You were on level 9 of the Dungeon.
You worshipped Okawaru.
Okawaru was pleased with you.
You visited 2 branches of the dungeon, and saw 10 of its levels.

You collected 550 gold pieces.

Inventory:

Hand Weapons
 a - a +0 falchion
 o - a +1 short sword of draining
 p - the +0 dagger "Woug" {freeze, Drain rF+++ Dex+5}
   (You found it on level 2 of the Dungeon)

   Dex+5:     It affects your dexterity (+5).
   rF+++:     It renders you almost immune to fire.
   Drain:     It drains your maximum health when unequipped.
 B - a +4 scimitar of freezing (weapon)
Missiles
 d - 7 darts of dispersal
 i - 6 boomerangs
 j - 39 poisoned darts
 x - 8 curare-tipped darts
 A - 2 throwing nets
Armour
 b - a +0 leather armour
 g - a +1 cloak (worn)
 n - a +0 pair of gloves (worn)
 v - the +0 leather armour of the Big Bang (worn) {Harm Drain rN++ Slay+2}
   (You found it on level 5 of the Dungeon)

   Slay+2:    It affects your accuracy & damage with ranged weapons and melee
   (+2).
   rN++:      It greatly protects you from negative energy.
   Drain:     It drains your maximum health when unequipped.
   Harm:      It increases damage dealt and taken.
 y - an orb of wrath
 z - a +0 helmet (worn)
Jewellery
 r - a +5 ring of evasion (left hand)
 s - a ring of flight (right hand)
 u - an amulet of regeneration (around neck)
Wands
 D - a wand of polymorph (8)
 E - a wand of digging (3)
 G - a wand of iceblast (6)
 I - a wand of flame (6)
 K - a wand of quicksilver (3)
Scrolls
 c - a scroll of blinking
 h - 3 scrolls of fog
 k - 2 scrolls of fear
 q - a scroll of enchant weapon
 t - 3 scrolls of teleportation
 F - a scroll of identify
 L - a scroll of vulnerability
Potions
 e - 3 potions of brilliance
 f - 2 potions of enlightenment {unknown}
 l - 2 potions of invisibility
 m - 2 potions of lignification {unknown}
 w - 6 potions of curing
 C - a potion of heal wounds {unknown}
 H - a potion of cancellation {unknown}
 J - a potion of berserk rage {unknown}


   Skills:
 + Level 7.2 Fighting
 + Level 5.5 Short Blades
 + Level 7.2 Long Blades
 + Level 5.5 Axes
 + Level 5.5 Maces & Flails
 + Level 5.5 Polearms
 + Level 5.5 Staves
 + Level 5.5 Ranged Weapons
 + Level 6.1 Throwing
 + Level 6.1 Armour
 + Level 7.2 Dodging
 + Level 5.5 Stealth
 + Level 5.5 Shields
 + Level 5.5 Unarmed Combat
 + Level 7.5 Spellcasting
 + Level 4.5 Conjurations
 + Level 4.5 Hexes
 + Level 4.5 Summonings
 + Level 4.5 Necromancy
 + Level 7.2 Translocations
 + Level 4.5 Transmutations
 + Level 4.5 Fire Magic
 + Level 4.5 Ice Magic
 + Level 4.5 Air Magic
 + Level 4.5 Earth Magic
 + Level 4.5 Poison Magic
 + Level 6.0 Invocations
 + Level 5.5 Evocations
 + Level 5.0 Shapeshifting


You had 14 spell levels left.
You knew the following spells:

 Your Spells              Type           Power      Damage    Failure   Level
a - Blink                 Tloc           42%        N/A       1%          2
b - Slow                  Hex            60%        N/A       3%          1
c - Poisonous Vapours     Pois/Air       30%        N/A       4%          2
d - Vhi's Electric Charg  Tloc/Air       36%        N/A       5%          3
e - Ensorcelled Hibernat  Hex/Ice        30%        N/A       4%          2

Your spell library contained the following spells:

 Spells                   Type           Power      Damage    Failure   Level
 Lesser Beckoning         Tloc           42%        N/A       1%          2
 Magic Dart               Conj           60%        1d6       3%          1
 Sting                    Tmut/Pois      60%        1d6       3%          1
 Teleport Other           Tloc           21%        N/A       3%          3
 Cigotuvi's Dreadful Rot  Necr/Pois/Air  30%        N/A       4%          2
 Confusing Touch          Hex            15%        N/A       9%          3
 Ignite Poison            Fire/Tmut/Pois 15%        N/A       9%          3
 Inner Flame              Hex/Fire       15%        N/A       9%          3
 Mephitic Cloud           Conj/Pois/Air  15%        N/A       9%          3
 Vampiric Draining        Necr           15%        2d7       9%          3
 Manifold Assault         Tloc           21%        N/A       10%         4
 Passage of Golubria      Tloc           21%        N/A       10%         4
 Anguish                  Hex/Necr       7%         N/A       30%         4
 Olgreb's Toxic Radiance  Pois           15%        N/A       30%         4
 Freezing Cloud           Conj/Ice/Air   7%         6-21      63%         5
 Yara's Violent Unravell  Hex/Tmut       7%         3d5       63%         5
 Enfeeble                 Hex            7%         N/A       100%        7
 Call Imp                 Summ           Unusable   N/A       N/A         2
 Tukima's Dance           Hex            Unusable   N/A       N/A         3

Dungeon Overview and Level Annotations

Branches:
Dungeon (9/15)             Temple (1/1) D:6             Orc (0/2) D:9
   Lair: D:8-11

Altars:
Ashenzari
Cheibriados
Dithmenos
Elyvilon
Fedhas
Gozag
Hepliaklqana
Kikubaaqudgha
Makhleb
Nemelex Xobeh
Okawaru
Qazlal
Ru
Sif Muna
Trog
Uskayaw
Vehumet
Wu Jian
Xom
Yredelemnul
Zin
The Shining One


Innate Abilities, Weirdness & Mutations

You have very sharp teeth.
Your uncanny sense of smell can sniff out nearby items.
Your experience applies equally to all skills.


Message History

Aim: a two-headed ogre, wielding a +0 dire flail and a +0 giant spiked club (very poisoned) Poisonous vapours surround the two-headed ogre!
The two-headed ogre looks even sicker.
Casting: Poisonous Vapours (safe; 4% risk of failure)
Confirm with . or Enter, or press ? or * to list all spells.
Aiming: Poisonous Vapours (safe; 4% risk of failure)
Press: ? - help, Dir - move target, f/p - two-headed ogre
Aim: a two-headed ogre, wielding a +0 dire flail and a +0 giant spiked club (lightly wounded, very poisoned) Poisonous vapours surround the two-headed ogre!
The two-headed ogre looks as sick as possible!
Casting: Poisonous Vapours (safe; 4% risk of failure)
Confirm with . or Enter, or press ? or * to list all spells.
Aiming: Poisonous Vapours (safe; 4% risk of failure)
Press: ? - help, Dir - move target, f/p - two-headed ogre
Aim: a two-headed ogre, wielding a +0 dire flail and a +0 giant spiked club (lightly wounded, very poisoned) Poisonous vapours surround the two-headed ogre!
The two-headed ogre looks as sick as possible!
There is a stone staircase leading down here.
Casting: Poisonous Vapours (safe; 4% risk of failure)
Confirm with . or Enter, or press ? or * to list all spells.
Aiming: Poisonous Vapours (safe; 4% risk of failure)
Press: ? - help, Dir - move target, f/p - two-headed ogre
Aim: a two-headed ogre, wielding a +0 dire flail and a +0 giant spiked club (moderately wounded, very poisoned) Poisonous vapours surround the two-headed ogre!
The two-headed ogre looks as sick as possible!
Casting: Poisonous Vapours (safe; 4% risk of failure)
Confirm with . or Enter, or press ? or * to list all spells.
Aiming: Ensorcelled Hibernation (safe; 4% risk of failure)
Press: ? - help, Shift-Dir - straight line, f/p - two-headed ogre
Aim: a two-headed ogre, wielding a +0 dire flail and a +0 giant spiked club (heavily wounded, extremely poisoned, chance to affect: 31%)
The two-headed ogre easily resists.
The two-headed ogre hits you with a +0 dire flail!
The two-headed ogre hits you with a +0 giant spiked club!!
Casting: Ensorcelled Hibernation (safe; 4% risk of failure)
Confirm with . or Enter, or press ? or * to list all spells.
You blink.
The two-headed ogre hits you with a +0 dire flail!!
* * * LOW HITPOINT WARNING * * *
The two-headed ogre hits you with a +0 giant spiked club!!
You die...

#...#...#...#..#
..#...#...#....#
###########.?#...#.))...#
#####
..........###..#........#
#.... ..........#
###.........# #....
..........# #.>..>....#
#.... ..........#
#.........# #....
..........#####.........#
+....
..........#...'.@.......#
#....
.)........#.###.O.......#
#.... ..........'.#
#.ยง.......# #....
..........### #.........+
#.... ..........#
#.........# #...)
..........# #.........
#.... ######'####
#......... #.... ##.#
######'### ##### #..# .#
####


You could see a two-headed ogre (extremely poisoned).

Vanquished Creatures
  Maggie (D:8)
  A troll (D:9)
  Grinder (D:5)
  3 steam dragons (D:6)
  3 water moccasins
  2 sky beasts
  A black bear (D:5)
  4 orc warriors
  2 ice beasts
  2 ogres
  A phantom (D:5)
  6 kobold brigands
  2 bullfrogs (D:7)
  6 scorpions
  9 wights
  6 killer bees
  2 howler monkeys
  7 hounds
  5 orc priests
  3 jellies
  A sleepcap (D:7)
  3 iguanas
  7 orc wizards
  5 adders
  A shadow imp (D:6)
  A white imp (D:6)
  3 ufetubi
  A worm (D:2)
  2 dart slugs (D:2)
  26 orcs
  4 endoplasms
  5 giant cockroaches
  6 hobgoblins
  3 jackals (D:1)
  3 quokkas
  6 ball pythons
  9 bats
  6 frilled lizards
  7 goblins
  32 kobolds
  4 rats
202 creatures vanquished.

Notes
Turn   | Place    | Note
-------+----------+-------------------------------------------
     0 | D:1      | Rohain the Gnoll Warper began the quest for the Orb.
     0 | D:1      | Reached XP level 1. HP: 20/20 MP: 6/6
     0 | D:1      | Noticed an iron dragon
     0 | D:1      | Noticed an orb of fire
     3 | D:1      | Noticed a shadow dragon
     5 | D:1      | Noticed a red draconian
     6 | D:1      | Noticed a shadow dragon
     7 | D:1      | Noticed an ice dragon
     9 | D:1      | Noticed an orb of fire
    11 | D:1      | Noticed an orb of fire
    13 | D:1      | Noticed a shadow dragon
    13 | D:1      | Noticed a shadow dragon
    15 | D:1      | Noticed an ice dragon
    17 | D:1      | Noticed a large abomination
    17 | D:1      | Noticed a shadow dragon
    17 | D:1      | Noticed an iron dragon
    19 | D:1      | Noticed an orb of fire
    19 | D:1      | Noticed a large abomination
    21 | D:1      | Noticed a shadow dragon
    93 | D:1      | Reached XP level 2. HP: 21/26 MP: 7/7
   182 | D:1      | Learned a level 2 spell: Blink
   457 | D:1      | Reached skill level 5 in Spellcasting
   457 | D:1      | Reached XP level 3. HP: 25/31 MP: 7/9
   755 | D:2      | Reached skill level 1 in Invocations
   973 | D:2      | Reached skill level 1 in Short Blades
   973 | D:2      | Reached skill level 1 in Axes
   973 | D:2      | Reached skill level 1 in Maces & Flails
   973 | D:2      | Reached skill level 1 in Polearms
   973 | D:2      | Reached skill level 1 in Staves
   973 | D:2      | Reached skill level 1 in Ranged Weapons
   973 | D:2      | Reached skill level 1 in Stealth
   973 | D:2      | Reached skill level 1 in Shields
   973 | D:2      | Reached skill level 1 in Unarmed Combat
   973 | D:2      | Reached skill level 1 in Evocations
  1101 | D:2      | Reached XP level 4. HP: 34/36 MP: 11/11
  1116 | D:2      | Reached skill level 1 in Shapeshifting
  1121 | D:2      | Identified the +0 dagger "Woug" {freeze, Drain rF+++ Dex+5}
  1605 | D:3      | Found a broken altar of Ashenzari.
  1639 | D:3      | Reached skill level 1 in Conjurations
  1639 | D:3      | Reached skill level 1 in Hexes
  1639 | D:3      | Reached skill level 1 in Summonings
  1639 | D:3      | Reached skill level 1 in Necromancy
  1639 | D:3      | Reached skill level 1 in Transmutations
  1639 | D:3      | Reached skill level 1 in Fire Magic
  1639 | D:3      | Reached skill level 1 in Ice Magic
  1639 | D:3      | Reached skill level 1 in Air Magic
  1639 | D:3      | Reached skill level 1 in Earth Magic
  1639 | D:3      | Reached skill level 1 in Poison Magic
  2215 | D:4      | Noticed a scorpion
  2221 | D:4      | Found a hide-covered altar of Uskayaw.
  2229 | D:4      | Killed a scorpion
  2230 | D:4      | Reached XP level 5. HP: 43/43 MP: 12/12
  2291 | D:4      | Noticed an ogre
  2364 | D:4      | Found a basalt altar of Yredelemnul.
  2395 | D:4      | Reached XP level 6. HP: 47/50 MP: 14/14
  2583 | D:4      | Found a stormy altar of Qazlal.
  2583 | D:4      | Noticed a sky beast
  2603 | D:4      | Killed a sky beast
  2604 | D:4      | Reached skill level 5 in Fighting
  2604 | D:4      | Reached skill level 5 in Long Blades
  2604 | D:4      | Reached skill level 5 in Dodging
  2646 | D:4      | Reached XP level 7. HP: 50/56 MP: 13/15
  2738 | D:4      | Learned a level 1 spell: Slow
  3375 | D:5      | Entered Level 5 of the Dungeon
  3434 | D:5      | Identified the +0 leather armour of the Big Bang {Harm
                  | Drain rN++ Slay+2}
  3543 | D:5      | Reached XP level 8. HP: 63/63 MP: 16/16
  4117 | D:5      | Noticed Grinder
  4133 | D:5      | Killed Grinder
  4161 | D:5      | Learned a level 2 spell: Poisonous Vapours
  4304 | D:6      | Reached XP level 9. HP: 69/69 MP: 18/18
  4307 | D:6      | Found a shimmering blue altar of Sif Muna.
  4514 | D:6      | Found a staircase to the Ecumenical Temple.
  4668 | D:6      | Reached skill level 5 in Throwing
  4668 | D:6      | Reached skill level 5 in Armour
  4772 | D:6      | Found a blossoming altar of Fedhas.
  5318 | Temple   | Found a transporter.
  5318 | Temple   | Found a transporter.
  5318 | Temple   | Found a transporter.
  5318 | Temple   | Found a transporter.
  5318 | Temple   | Entered the Ecumenical Temple
  5336 | Temple   | Became a worshipper of Warmaster Okawaru
  5541 | D:6      | Learned a level 3 spell: Vhi's Electric Charge
  5563 | D:7      | Reached skill level 5 in Invocations
  5665 | D:7      | Reached * piety under Okawaru
  6168 | D:8      | Reached XP level 10. HP: 64/77 MP: 16/20
  6271 | D:8      | Reached skill level 5 in Short Blades
  6271 | D:8      | Reached skill level 5 in Axes
  6271 | D:8      | Reached skill level 5 in Maces & Flails
  6271 | D:8      | Reached skill level 5 in Polearms
  6271 | D:8      | Reached skill level 5 in Staves
  6271 | D:8      | Reached skill level 5 in Ranged Weapons
  6271 | D:8      | Reached skill level 5 in Stealth
  6271 | D:8      | Reached skill level 5 in Shields
  6271 | D:8      | Reached skill level 5 in Unarmed Combat
  6271 | D:8      | Reached skill level 5 in Evocations
  6369 | D:8      | Noticed Maggie
  6386 | D:8      | Killed Maggie
  6422 | D:8      | Identified the +3 quarterstaff of the Crafting Dragonfly
                  | {heavy, Drain rC- MP+9 Dex+10}
  6478 | D:8      | Reached ** piety under Okawaru
  6864 | D:9      | Found a staircase to the Orcish Mines.
  7151 | D:9      | Found a glowing silver altar of Zin.
  7222 | D:9      | Learned a level 2 spell: Ensorcelled Hibernation
  7260 | D:9      | Reached skill level 5 in Shapeshifting
  7402 | D:9      | Noticed a two-headed ogre
  7420 | D:9      | Demolished by a two-headed ogre

Illustrated notes

Levels and vault maps discovered:
D:1:      shiori_arrival_whats_in_store_for_you, layout_basic
D:2:      layout_basic, serial_glass, glass_columns_a, glass_columns_a
D:3:      layout_loops_ring, mainiacjoe_overflow_alcove_1
D:4:      layout_basic, lemuel_doored_altar, nicolae_qazlal_beasts_of_the_sky,
          nicolae_uskayaw_dance_hall, grunt_ministairs_15
D:5:      layout_basic, uniq_grinder
D:6:      layout_basic, kennysheep_orc_sif_temple,
          nicolae_overflow_crystal_walls, minmay_temple_entry_from_below_a
D:7:      layout_cave_pools
D:8:      layout_gridville, uniq_maggie
D:9:      layout_roguey, zin_scriptorium, david_orc_3, hex_medium
Temple:   hellmonk_temple_divided_pantheon

Skill      XL: |  1  2  3  4  5  6  7  8  9 10 |
---------------+-------------------------------+-----
Spellcasting   | 5 6 7 |  7.5
Invocations    | 1 2 3 4 5 6 |  6.0
Short Blades   | 1 2 3 4 5 |  5.5
Axes           | 1 2 3 4 5 |  5.5
Maces & Flails | 1 2 3 4 5 |  5.5
Polearms       | 1 2 3 4 5 |  5.5
Staves         | 1 2 3 4 5 |  5.5
Ranged Weapons | 1 2 3 4 5 |  5.5
Stealth        | 1 2 3 4 5 |  5.5
Shields        | 1 2 3 4 5 |  5.5
Unarmed Combat | 1 2 3 4 5 |  5.5
Evocations     | 1 2 3 4 5 |  5.5
Shapeshifting  | 1 2 3 4 5 |  5.0
Conjurations   | 1 2 3 4 |  4.5
Hexes          | 1 2 3 4 |  4.5
Summonings     | 1 2 3 4 |  4.5
Necromancy     | 1 2 3 4 |  4.5
Transmutations | 1 2 3 4 |  4.5
Fire Magic     | 1 2 3 4 |  4.5
Ice Magic      | 1 2 3 4 |  4.5
Air Magic      | 1 2 3 4 |  4.5
Earth Magic    | 1 2 3 4 |  4.5
Poison Magic   | 1 2 3 4 |  4.5
Throwing       | 3 4 5 6 |  6.1
Armour         | 3 4 5 6 |  6.1
Fighting       | 5 6 7 |  7.2
Long Blades    | 5 6 7 |  7.2
Dodging        | 5 6 7 |  7.2
Translocations | 6 7 |  7.2

Action                     |  1- 3 |  4- 6 |  7- 9 | 10-12 || total
---------------------------+-------+-------+-------+-------++-------
  Melee: Falchion          |   134 |       |       |       ||   134
         Bite              |    10 |    25 |    44 |    10 ||    89
         Punch             |     1 |     2 |    15 |     2 ||    20
         Short sword       |     7 |   165 |   278 |       ||   450
         Scimitar          |       |       |    68 |   129 ||   197
  Throw: Dart              |     1 |     9 |    13 |       ||    23
   Cast: Blink             |       |     2 |     1 |     1 ||     4
         Slow              |       |       |     2 |     1 ||     3
         Poisonous Vapours |       |       |    12 |     8 ||    20
         Vhi's Electric Ch |       |       |     6 |    14 ||    20
         Ensorcelled Hiber |       |       |       |     1 ||     1
    Use: Scroll            |     2 |     4 |     4 |     1 ||    11
   Stab: Sleeping          |       |     1 |     3 |       ||     4
 Armour: Leather armour    |    54 |    27 |    80 |    36 ||   197
  Dodge: Dodged            |   124 |   103 |   285 |   199 ||   711

Table legend: (Time is in decaauts)
 A = Elapsed time spent in this place.
 B = Non-inter-level travel time spent in this place.
 C = Inter-level travel time spent in this place.
 D = Time resting spent in this place.
 E = Time spent auto-exploring this place.
 F = Levels seen in this place.
 G = Mean time per level.
                   A        B        C        D        E       F      G
               +--------+--------+--------+--------+--------+-----+--------+
         Total |   7387 |   7006 |    381 |    377 |   4864 |  10 |  738.7 |
       Dungeon |   7333 |   6959 |    374 |    377 |   4864 |   9 |  814.8 |
        Temple |     54 |     47 |      7 |      0 |      0 |   1 |   54.0 |
               +--------+--------+--------+--------+--------+-----+--------+

Top non-repeatable levels by time:
     D:4: 1156 daAuts
     D:6: 1070 daAuts
     D:8: 1009 daAuts
     D:2: 864 daAuts
     D:5: 826 daAuts
     D:1: 684 daAuts
     D:3: 661 daAuts
     D:7: 577 daAuts
     D:9: 481 daAuts
  Temple: 54 daAuts
